 Dungeon Crawl Stone Soup version 0.27-a0-1529-g1e82c303ef (webtiles) character file.

Game seed: 12044885554573639982

93 nyamberluvr69 the Slasher (level 4, -7/49 HPs)
             Began as an Octopode Berserker on July 11, 2021.
             Was a Believer of Trog.
             Killed from afar by an orc wizard (8 damage)
             ... with a puff of flame
             ... on level 3 of the Dungeon.
             The game lasted 00:02:56 (2495 turns).

nyamberluvr69 the Slasher (Octopode Berserker)      Turns: 2495, Time: 00:02:58

Health: -7/49      AC:  1    Str: 16    XL:     4   Next: 61%
Magic:  4/4        EV: 13    Int:  9    God:    Trog [**....]
Gold:   74         SH:  0    Dex: 12    Spells: 3/3 levels left

rFire    . . .     SeeInvis .   a - +0 falchion
rCold    . . .     Faith    .   (no shield)
rNeg     . . .     Spirit   .   (helmet restricted)
rPois    .         Reflect  .   (no amulet)
rElec    .         Harm     .   (no ring)
rCorr    .         Rampage  .   (no ring)
Will     ++...                  (no ring)
Stlth    ..........             (no ring)
HPRegen  1.16/turn              (no ring)
MPRegen  0.09/turn              (no ring)
                                (no ring)
                                (no ring)

@: berserking, strong-willed, regenerating, very quick
A: almost no armour, amphibious, 8 rings, camouflage 1, gelatinous body 1,
(nimble swimmer 1), tentacles
a: Renounce Religion, Berserk, Trog's Hand


You were on level 3 of the Dungeon.
You worshipped Trog.
Trog was pleased with you.
You visited 1 branch of the dungeon, and saw 3 of its levels.

You collected 74 gold pieces.

Inventory:

Hand Weapons
 a - a +0 falchion (weapon)
Scrolls
 b - 2 scrolls of identify {unknown}
 c - 2 scrolls of enchant armour {unknown}
 d - 2 scrolls of amnesia {unknown}
 g - a scroll of brand weapon {unknown}
 h - a scroll of magic mapping {unknown}
Potions
 e - a potion of mutation {unknown}
 f - 2 potions of lignification {unknown}


   Skills:
 + Level 4.2 Fighting
 + Level 4.2 Long Blades
 - Level 3.0 Dodging


You had 3 spell levels left.
You didn't know any spells.
Your spell library was empty.

Dungeon Overview and Level Annotations

Branches:
Dungeon (3/15)

Altars:


Innate Abilities, Weirdness & Mutations

You cannot wear most types of armour.
You are amphibious.
You can wear up to eight rings at the same time.
Your skin changes colour to match your surroundings (Stealth+).
Your rubbery body absorbs attacks. (AC +1, EV +1)
((You are camouflaged near water. (Stealth+)))
You have tentacles for arms and can constrict up to eight enemies at once.


Message History

You feel strong-willed. The bat hits you but does no damage.
The bat misses you.
You riposte.
You hit the bat.
You kill the bat!
Trog accepts your kill. The orc closely misses you. The orc wizard misses you.
You hit the orc wizard. You grab the orc wizard.
The orc wizard is lightly wounded.
You constrict the orc wizard. The orc hits you with a +0 hand axe.
The orc closely misses you.
The orc wizard hits you but does no damage.
You hit the orc wizard.
The orc wizard is moderately wounded.
You constrict the orc wizard. The orc barely misses you.
The orc wizard points at you and mumbles some strange words.
The magic dart hits you.
You hit the orc wizard but do no damage.
The orc wizard is heavily wounded.
You constrict the orc wizard. The orc hits you with a +0 hand axe.
The orc hits you from afar with a +0 trident.
The orc hits you with a +0 mace.
The orc wizard hits you with a +0 dagger.
The orc barely misses you.
You riposte.
You hit the orc. You grab the orc.
The orc is moderately wounded.
The orc closely misses you.
You riposte.
You barely miss the orc. Your grab misses the orc.
You squeeze the orc, but do no damage.
You release your grip on the orc.
You release your grip on the orc wizard.
The orc hits you with a +0 mace!
* * * LOW HITPOINT WARNING * * *
A red film seems to cover your vision as you go berserk!
You feel yourself moving faster!
You feel mighty!
You closely miss the orc. You grab the orc. You squeeze the orc.
You kill the orc!
Trog accepts your kill. The orc closely misses you.
The orc hits you with a +0 mace!
* * * LOW HITPOINT WARNING * * *
The orc wizard points at you and mumbles some strange words.
The puff of flame hits you!
You die...

# #. #.# ##..###
.......####
#........#
##.....oo.##########
#......)@..<.......#
#....#o#o#.#.......#
#...................
#....#.#.#.#........
#...................
#....#.#.#.#.......#
##..........########
##+##.#.#.##
#.#.......#


You could see an orc wizard and 3 orcs.

Vanquished Creatures
  An orc priest (D:3)
  An adder (D:2)
  2 worms (D:3)
  4 orcs (D:3)
  6 ball pythons
  3 endoplasms (D:1)
  A giant cockroach (D:1)
  5 hobgoblins (D:2)
  3 kobolds
  2 quokkas (D:1)
  5 bats
  4 frilled lizards
  3 goblins
  4 rats
44 creatures vanquished.

Notes
Turn   | Place    | Note
-------+----------+-------------------------------------------
     0 | D:1      | nyamberluvr69 the Octopode Berserker began the quest for
                  | the Orb.
     0 | D:1      | Reached XP level 1. HP: 16/16 MP: 1/1
   330 | D:1      | Reached XP level 2. HP: 21/21 MP: 2/2
   815 | D:1      | Reached ** piety under Trog
  1206 | D:2      | Reached XP level 3. HP: 18/26 MP: 3/3
  2140 | D:3      | Reached XP level 4. HP: 24/33 MP: 4/4
  2495 | D:3      | HP: 1/49 [orc (8)]
  2495 | D:3      | Killed from afar by an orc wizard

Illustrated notes

Levels and vault maps discovered:
D:1:      dpeg_arrival_windows_large_door, layout_loops_corners, chequers_garden
D:2:      layout_rooms, kennysheep_crisscross, minivault_11,
          chequers_serial_rivers_small_3
D:3:      kb_forest_paths, layout_basic, st_stairs_12, uniq_natasha

Skill      XL: |  1  2  3 |
---------------+----------+-----
Fighting       | 4 |  4.2
Long Blades    | 4 |  4.2
Dodging        | |  3.0

Action                   |  1- 3 |  4- 6 || total
-------------------------+-------+-------++-------
Melee: Falchion          |    69 |    14 ||    83
       Constrict         |    23 |     5 ||    28
       Tentacles         |     9 |     8 ||    17
Invok: Berserk           |       |     1 ||     1
       Trog's Hand       |       |     1 ||     1
 Stab: Sleeping          |     8 |       ||     8
Armor: Skin              |     5 |     2 ||     7
Dodge: Dodged            |    39 |    12 ||    51
       Rpst.: Falchion   |    13 |     5 ||    18

Table legend: (Time is in decaauts)
 A = Elapsed time spent in this place.
 B = Non-inter-level travel time spent in this place.
 C = Inter-level travel time spent in this place.
 D = Time resting spent in this place.
 E = Time spent auto-exploring this place.
 F = Levels seen in this place.
 G = Mean time per level.
                   A        B        C        D        E       F      G
               +--------+--------+--------+--------+--------+-----+--------+
         Total |   2504 |   2437 |     67 |      0 |   2159 |   3 |  834.7 |
       Dungeon |   2504 |   2437 |     67 |      0 |   2159 |   3 |  834.7 |
               +--------+--------+--------+--------+--------+-----+--------+

Top non-repeatable levels by time:
     D:1: 1203 daAuts
     D:2: 834 daAuts
     D:3: 466 daAuts
